 Dungeon Sprint DCSS version 0.25.1-2-g60ff931df9 (webtiles) character file.

Game seed: 5424995931152838724

2301 Cadaver the Unseen (level 9, -3/62 HPs)
             Began as a Halfling Assassin on Nov 7, 2020.
             Was an Elder of Okawaru.
             Slain by a shadow wraith (9 damage)
             ... in the Dungeon (Sprint VII: "The Pits").
             The game lasted 00:08:12 (1362 turns).

Cadaver the Unseen (Halfling Assassin)              Turns: 1362, Time: 00:08:13

Health: -3/62      AC:  7    Str: 13    XL:     9   Next: 67%
Magic:  6/10       EV: 25    Int: 10    God:    Okawaru [****..]
Gold:   0          SH:  0    Dex: 17    Spells: 8/8 levels left

rFire    . . .     SeeInvis .   m - +2 dagger
rCold    . . .     Gourm    .   (shield restricted)
rNeg     + . .     Faith    .   v - +1 robe {rN+}
rPois    .         Spirit   .   C - +0 helmet
rElec    .         Reflect  .   c - +0 cloak
rCorr    .         Harm     .   (no gloves)
MR       .....     NoTele   +   b - +0 pair of boots
Stlth    ++++++++..             (no amulet)
HPRegen  0.20/turn              (no ring)
MPRegen  0.12/turn              (no ring)

@: heroism, berserk cooldown, slowed, very slow
A: small, mutation resistance 1
a: Heroism, Renounce Religion


You were in the Dungeon.
You worshipped Okawaru.
Okawaru was greatly pleased with you.
You were hungry.

You visited 1 branch

Inventory:

Hand Weapons
 a - a +2 dagger
 m - a +2 dagger (weapon)
 u - a +0 dagger of protection
 w - a +0 dagger of draining
 x - a +0 long sword of flaming
 D - a +2 rapier of distortion
Missiles
 d - 8 poisoned darts (quivered)
 e - 2 curare-tipped darts
 n - 2 boomerangs
 o - 13 stones
Armour
 b - a +0 pair of boots (worn)
 c - a +0 cloak (worn)
 v - a +1 robe of positive energy (worn)
 C - a +0 helmet (worn)
Magical Staves
 p - an uncursed staff of energy
Jewellery
 y - a +3 ring of protection
 z - a +3 ring of evasion
Scrolls
 l - a scroll of blinking
 q - 3 scrolls of remove curse
 r - 5 scrolls of amnesia
 s - a scroll of summoning
 t - 2 scrolls of vulnerability
Potions
 g - 9 potions of curing
 h - 8 potions of heal wounds
 i - a potion of haste
 j - 4 potions of magic
 A - a potion of berserk rage
 B - a potion of stabbing
Comestibles
 f - 9 rations


   Skills:
 + Level 5.7(10.7) Fighting
 + Level 11.2(16.2) Short Blades
 + Level 4.1(9.1) Throwing
 + Level 8.3(13.3) Dodging
 + Level 17.7(22.7) Stealth
 + Level 1.6 Invocations


You had 8 spell levels left.
You didn't know any spells.
Your spell library was empty.

Dungeon Overview and Level Annotations

Branches:
Dungeon (1/1)

Altars:
Ashenzari
Cheibriados
Dithmenos
Elyvilon
Fedhas
Gozag
Hepliaklqana
Kikubaaqudgha
Makhleb
Nemelex Xobeh
Okawaru
Qazlal
Ru
Sif Muna
Trog
Uskayaw
Vehumet
Wu Jian
Xom
Yredelemnul
Zin
The Shining One
Beogh
Jiyva
Lugonu


Innate Abilities, Weirdness & Mutations

You are small and have problems with some larger weapons.
You are somewhat resistant to further mutation.


Message History

You are exhausted.
You feel yourself slow down. Something hits you. Something drains your vigour!
You feel as though you will be slow longer.
There is an open door to the Storerooms (Easy), spattered with blood here.
You see here a black mamba corpse.
Something is blocking the doorway!
You feel like a meek peon again. Something hits you.
Something drains your vigour!
You feel as though you will be slow longer.
Something hits you!!
* * * LOW HITPOINT WARNING * * *
Something drains your vigour!
You feel as though you will be slow longer.
You feel much better. Something hits you!!
* * * LOW HITPOINT WARNING * * *
Something drains your vigour!
You feel as though you will be slow longer.
You gain the combat prowess of a mighty hero.
Something hits you!
You die...

############ #_________.#
#_________.#
#_______...###########++####
##########'##...............
#....')))'.##......#..#.....
##########.##......)........
#.........)@†......)........
#'#####)#####......#..#.....
#.#..#.....##...............
#.#))#####'#####'#####''####
#.#))#.....##.......##''#
#.#..#.....##.......##..#
#.#[)###'####.......##..#
#.##)#))...##...<...##..####
#.#....))..##.......##..#..#


There were no monsters in sight!

Vanquished Creatures
  2 deep elf magi (D)
  A black mamba (D)
  A rime drake (D)
  A tyrant leech (D)
  A floating eye (D)
  2 black bears (D)
  An ogre (D)
  A wolf (D)
  3 wights (D)
  A gnoll shaman (D)
  A jelly (D)
  4 gnolls (D)
  A river rat (D)
  3 ufetubi (D)
  An orc (D)
  A giant cockroach (D)
  2 goblins (D)
  A hobgoblin (D)
  A kobold (D)
  2 ball pythons (D)
  A rat (D)
32 creatures vanquished.

Notes
Turn   | Place    | Note
-------+----------+-------------------------------------------
     0 | D        | Cadaver the Halfling Assassin began the quest for the Orb.
     0 | D        | Reached XP level 1. HP: 14/14 MP: 1/1
    12 | D        | Reached skill level 5 in Stealth
    42 | D        | Found a glowing golden altar of the Shining One.
    42 | D        | Found a glowing silver altar of Zin.
    42 | D        | Found a basalt altar of Yredelemnul.
    42 | D        | Found a shimmering altar of Xom.
    42 | D        | Found an ornate altar of the Wu Jian Council.
    42 | D        | Found a bloodstained altar of Trog.
    42 | D        | Found a shimmering blue altar of Sif Muna.
    42 | D        | Found a sacrificial altar of Ru.
    42 | D        | Found a stormy altar of Qazlal.
    42 | D        | Found an iron altar of Okawaru.
    42 | D        | Found a sparkling altar of Nemelex Xobeh.
    42 | D        | Found a burning altar of Makhleb.
    42 | D        | Found a viscous altar of Jiyva.
    42 | D        | Found a hazy altar of Hepliaklqana.
    42 | D        | Found an opulent altar of Gozag.
    42 | D        | Found a blossoming altar of Fedhas.
    42 | D        | Found a white marble altar of Elyvilon.
    42 | D        | Found a shadowy altar of Dithmenos.
    42 | D        | Found a snail-covered altar of Cheibriados.
    43 | D        | Found a radiant altar of Vehumet.
    43 | D        | Found a corrupted altar of Lugonu.
    43 | D        | Found a roughly hewn altar of Beogh.
    44 | D        | Found a hide-covered altar of Uskayaw.
    44 | D        | Found an ancient bone altar of Kikubaaqudgha.
    44 | D        | Found a shattered altar of Ashenzari.
    48 | D        | Became a worshipper of Warmaster Okawaru
    73 | D        | Noticed a floating eye
    74 | D        | Reached skill level 6 in Stealth
    74 | D        | Reached XP level 2. HP: 19/19 MP: 2/2
    77 | D        | Killed a floating eye
    77 | D        | Reached skill level 5 in Short Blades
    77 | D        | Reached skill level 10 in Stealth
    77 | D        | Reached XP level 3. HP: 25/25 MP: 3/3
    77 | D        | Reached XP level 4. HP: 30/30 MP: 4/4
    77 | D        | Reached XP level 5. HP: 35/35 MP: 5/5
   117 | D        | Reached * piety under Okawaru
   117 | D        | Reached skill level 11 in Stealth
   117 | D        | Reached XP level 6. HP: 35/41 MP: 6/6
   123 | D        | Reached skill level 12 in Stealth
   232 | D        | Noticed a wolf
   232 | D        | Noticed an ogre
   268 | D        | Killed a wolf
   282 | D        | Reached skill level 13 in Stealth
   372 | D        | Killed an ogre
   372 | D        | Reached XP level 7. HP: 46/46 MP: 7/7
   623 | D        | Reached ** piety under Okawaru
   672 | D        | Noticed a rime drake
   674 | D        | Killed a rime drake
   674 | D        | Reached skill level 14 in Stealth
   674 | D        | Reached XP level 8. HP: 54/54 MP: 5/8
   676 | D        | Noticed a deep elf mage
   680 | D        | Killed a deep elf mage
   680 | D        | Reached *** piety under Okawaru
   680 | D        | Reached skill level 10 in Short Blades
   680 | D        | Reached skill level 5 in Dodging
   680 | D        | Reached skill level 16 in Stealth
   780 | D        | Noticed a deep elf mage
   781 | D        | Noticed a tyrant leech
   789 | D        | Killed a tyrant leech
   789 | D        | Received a gift from Okawaru
   789 | D        | Reached XP level 9. HP: 46/60 MP: 6/9
   925 | D        | Killed a deep elf mage
   925 | D        | Reached skill level 5 in Fighting
   925 | D        | Reached skill level 17 in Stealth
   925 | D        | Reached skill level 1 in Invocations
  1314 | D        | Noticed a black mamba
  1349 | D        | Killed a black mamba
  1349 | D        | Reached **** piety under Okawaru
  1362 | D        | Slain by a shadow wraith

Illustrated notes

Levels and vault maps discovered:
D:        pitsprint [storerooms_1, entrance_room_1, metal_vault_1, armoury_2,
          mini_pit_1, grid_room_1, main_hall_1, silver_pit, the_coven_3,
          the_vestibule_1, steel_vault_5, golden_pit, hallway_of_sentries,
          crystal_vault_1, iron_vault_3, final_vault]

Skill      XL: |  1  2  3  4  5  6  7  8  9 |
---------------+----------------------------+-----
Stealth        | 6 10 11 13 14 16 17 | 17.7
Short Blades   | 3 5 6 8 9 10 11 | 11.2
Fighting       | 2 3 4 5 |  5.7
Throwing       | 3 4 |  4.1
Dodging        | 3 4 6 8 |  8.3
Invocations    | 1 |  1.6

Action                   |  1- 3 |  4- 6 |  7- 9 || total
-------------------------+-------+-------+-------++-------
Melee: Dagger            |     6 |    35 |   139 ||   180
       Punch             |       |       |     1 ||     1
Invok: Heroism           |       |       |     6 ||     6
  Use: Potion            |       |     3 |     5 ||     8
 Stab: Sleeping          |     4 |       |     4 ||     8
       Invisible         |       |     6 |     1 ||     7
       Distracted        |       |       |     1 ||     1
  Eat: Chunk             |       |       |     1 ||     1
Armor: Robe              |     1 |     3 |     8 ||    12
Dodge: Dodged            |       |    40 |   109 ||   149
